 Dungeon Crawl Stone Soup version 0.17.1-2-g5865329 (webtiles) character file.

72 Mysteryquy the Sneak (level 4, -5/23 HPs)
             Began as a Vine Stalker Assassin on Jan 26, 2016.
             Slain by Sigmund
             ... wielding a +3 scythe
              (10 damage)
             ... on level 3 of the Dungeon.
             The game lasted 00:03:06 (1108 turns).

Mysteryquy the Sneak (Vine Stalker Assassin)        Turns: 1108, Time: 00:03:06

Health: -5/23      AC:  3    Str: 13    XL:     4   Next: 25%
Magic:  0/5        EV: 12    Int: 11    God:
Gold:   42         SH:  0    Dex: 17    Spells: 0 memorised, 3 levels left

rFire  . . .     SeeInvis .     a - +2 dagger
rCold  . . .     Clarity  .     c - +0 robe
rNeg   . . .     SustAt   .     (no shield)
rPois  .         Gourm    .     (no helmet)
rElec  .         Spirit   +     d - +0 cloak
rCorr  .         Warding  .     (no gloves)
rMut   .         Stasis   .     (no boots)
MR     .....                    p - amulet of guardian spirit
Stlth  +++.......               (no ring)
                                (no ring)

@: not resistant to hostile enchantments, fairly stealthy
A: fangs 2, regeneration 1, magic shield, antimagic bite, no device heal 3, rot
immunity
a: no special abilities


You were on level 3 of the Dungeon.
You were hungry.

You visited 1 branch of the dungeon, and saw 3 of its levels.

You collected 42 gold pieces.

Inventory:

Hand Weapons
 a - a +2 dagger (weapon)
 b - a +0 blowgun
Missiles
 e - 8 poisoned needles
Armour
 c - a +0 robe (worn)
 d - a +0 cloak (worn)
Jewellery
 p - an amulet of guardian spirit (around neck)
 r - an uncursed amulet of rage
Scrolls
 h - a scroll of enchant weapon {unknown}
 i - 2 scrolls of remove curse {unknown}
 j - a scroll of identify {unknown}
 q - a scroll of magic mapping {unknown}
 s - a scroll of blinking {unknown}
Potions
 m - a potion of curing {unknown}
 n - a potion of brilliance {unknown}
 o - a potion of magic {unknown}
 t - 2 potions of cancellation {unknown}
Comestibles
 g - 2 bread rations
 k - a royal jelly
 l - a meat ration


   Skills:
 + Level 2.1 Fighting
 + Level 2.0 Short Blades
 + Level 2.1 Throwing
 + Level 1.2 Dodging
 + Level 6.2 Stealth


You had 3 spell levels left.
You didn't know any spells.

Dungeon Overview and Level Annotations

Branches:
Dungeon (3/15)

Altars:
Nemelex Xobeh

Annotations:
D:3 Sigmund


Innate Abilities, Weirdness & Mutations

You have extremely sharp teeth.
Your natural rate of healing is unusually fast.
When hurt, damage is shared between your health and your magic reserves.
Your bite disrupts and absorbs the magic of your enemies.
Potions and wands cannot restore your health.
You are immune to rotting.


Message History

Sigmund casts a spell at you. The magic dart hits you!
You miss Sigmund. Your bite misses Sigmund. Sigmund casts a spell at you.
The magic dart hits you!
You hit Sigmund. Your bite misses Sigmund.
Sigmund is lightly wounded.
Sigmund closely misses you.
A hobgoblin comes into view. It is wielding a club.
You hit Sigmund. You bite Sigmund.
Sigmund's magic leaks into the air.
You drain his magic.
You feel invigorated.
Sigmund is lightly wounded.
Sigmund barely misses you.
You hit the giant newt.
You kill the giant newt!
You feel less confused.
Sigmund hits you with an enchanted scythe!
* * * LOW HITPOINT WARNING * * *
Sigmund hits you from afar with an enchanted scythe!
You die...

#.#...?
#.......##
#.(...
#.#####.#.
#....# #.# #.##
# #....# #.#
#... #.#.g..#
#.# ####
#.#†...# #.#
#...@# ###
######
#.####..#
#.....
#......@#
#.####
#######.# #.#
#.# #.# #.# #.#
#.# #.# #.# #.#
#.# #.#
#.###########.#
#.........<...#


You could see Sigmund and a hobgoblin.

Vanquished Creatures
  4 adders (D:2)
  A worm (D:2)
  3 bats (D:2)
  2 giant cockroaches
  5 goblins
  7 hobgoblins
  4 giant newts
  4 kobolds
  A quokka (D:2)
  6 rats
37 creatures vanquished.

Notes
Turn   | Place    | Note
--------------------------------------------------------------
     0 | D:1      | Mysteryquy the Vine Stalker Assassin began the quest for the Orb.
     0 | D:1      | Reached XP level 1. HP: 11/11 MP: 2/2
    61 | D:1      | Reached skill level 5 in Stealth
   147 | D:1      | Reached XP level 2. HP: 10/15 MP: 3/3
   551 | D:2      | Reached XP level 3. HP: 18/18 MP: 4/4
   678 | D:2      | Reached skill level 1 in Dodging
   713 | D:2      | Found a sparkling altar of Nemelex Xobeh.
   723 | D:2      | Reached skill level 6 in Stealth
   769 | D:2      | Reached XP level 4. HP: 17/23 MP: 3/5
  1093 | D:3      | Noticed Sigmund
  1108 | D:3      | Slain by Sigmund

Action                   |  1- 3 |  4- 6 || total
-------------------------+-------+-------++-------
Melee: Dagger            |    78 |    20 ||    98
 Stab: Sleeping          |    10 |     1 ||    11
